Map: Nightscape LE

Players

Massa - Winner!

  • Race: Terran Terran
  • League: Platinum
  • Spawn Location: 1:00

qqq - Winner!

  • Race: Protoss Protoss
  • Spawn Location: 1:00

Паличь

  • Race: Terran Terran
  • Spawn Location: 7:00

ОтецСКхХх

  • Race: Zerg Zerg
  • League: Diamond
  • Spawn Location: 7:00

VOD

Have the link to the VOD?

Description

Time

  • Played on: Nov. 9, 2020, 4:06 p.m.
  • Length: 22:05
Show
View Real Time Build Order
Export as new Build Order

Massa Terran - Winner!

Build Orders: Gas First Reaper Expand 

Get SALT Encoding   

  12  0:00  SCV  
  13  0:12  SCV  
  14  0:22  Supply Depot  
  14  0:24  SCV  
  15  0:35  Refinery  
  15  0:44  SCV  
  15  0:45  Barracks  
  16  0:56  SCV  
  17  1:08  SCV  
  18  1:20  SCV  
  19  1:32  Orbital Command  
  19  1:34  Reaper  
  20  1:42  Command Center  
  20  2:06  Supply Depot  
  20  2:10  SCV, Factory  
  20  2:15  Marine  
  22  2:22  SCV  
  23  2:31  Supply Depot  
  23  2:38  Barracks Reactor  
  23  2:59  SCV  
  23  3:01  Orbital Command  
  24  3:11  SCV  
  25  3:23  SCV  
  26  3:32  SCV  
  27  3:35  SCV  
  27  3:37  Marine x2  
  27  3:39  Supply Depot  
  27  3:40  Factory Tech Lab  
  30  3:42  Bunker  
  30  3:45  SCV  
  30  3:47  SCV  
  32  3:53  Barracks  
  32  3:54  Marine x2  
  34  3:57  SCV  
  34  3:59  SCV, Siege Tank  
  38  4:09  SCV  
  38  4:12  Marine  
  39  4:22  Command Center  
  39  4:24  SCV x2  
  41  4:25  Marine  
  41  4:30  Marine  
  43  4:35  Engineering Bay  
  43  4:36  SCV x2  
  43  4:38  Starport, Refinery  
  45  4:43  Barracks Tech Lab, Marine  
  46  4:48  SCV, Barracks, Marine  
  46  4:52  Barracks  
  48  4:57  Supply Depot  
  48  5:01  Marine, Missile Turret  
  49  5:08  Missile Turret  
  49  5:10  SCV x2  
  51  5:16  Stimpack  
  51  5:21  Supply Depot  
  51  5:23  SCV x2  
  51  5:26  Marauder  
  51  5:27  Marine  
  56  5:28  Marine  
  56  5:35  SCV x2  
  59  5:38  Barracks Tech Lab  
  59  5:45  Marine, Supply Depot  
  59  5:46  Orbital Command, Marine  
  59  5:47  SCV, Marine  
  59  5:48  SCV  
  64  5:52  Missile Turret  
  64  5:58  Refinery  
  64  5:59  SCV  
  64  6:00  Refinery, SCV  
  64  6:02  Missile Turret  
  66  6:08  Supply Depot  
  66  6:09  Missile Turret  
  67  6:11  SCV, Terran Infantry Weapons Level 1  
  67  6:15  Armory  
  67  6:18  Medivac  
  69  6:22  Missile Turret  
  69  6:30  Barracks Reactor  
  69  6:31  Missile Turret  
  69  6:34  Refinery  
  69  6:36  Refinery  
  69  6:37  SCV x3  
  69  6:38  Missile Turret  
  72  6:42  Missile Turret  
  72  6:49  SCV x3  
  72  6:50  Siege Tank  
  72  6:52  Marauder x2, Marine x2  
  84  6:57  Medivac  
  86  7:01  SCV x2  
  86  7:06  SCV  
  89  7:10  Marine x4  
  89  7:13  SCV x2, Marauder x2, Combat Shield  
  89  7:14  Concussive Shells  
  99  7:18  SCV  
  99  7:22  Siege Tank  
  103  7:25  SCV x2  
  105  7:30  SCV  
  105  7:36  Marauder, Marine  
  109  7:46  Supply Depot  
  109  7:47  Supply Depot x2  
  109  7:48  Supply Depot  
  109  7:50  Supply Depot  
  109  7:51  Supply Depot  
  109  8:01  Marine  
  109  8:02  Marauder  
  109  8:05  Terran Infantry Armor Level 1  
  109  8:08  SCV, Marauder, Marine x2  
  107  8:14  Starport Reactor  
  107  8:19  Marine x2  
  109  8:21  SCV  
  109  8:22  SCV x2  
  109  8:23  Marauder  
  109  8:25  Marine x2  
  116  8:30  Marauder  
  116  8:34  SCV x3  
  119  8:36  Command Center  
  119  8:37  Marine  
  119  8:40  Engineering Bay  
  122  8:45  Marauder  
  122  8:46  SCV x2  
  126  8:55  Supply Depot  
  126  8:56  Terran Vehicle Weapons Level 1  
  126  9:02  Missile Turret  
  126  9:04  Missile Turret  
  126  9:13  Marauder x2, Marine x4  
  126  9:16  Siege Tank  
  137  9:18  Medivac  
  137  9:19  Supply Depot  
  137  9:21  Medivac  
  137  9:23  Missile Turret  
  141  9:30  Marine  
  142  9:34  Marauder x2  
  146  9:43  Supply Depot  
  146  9:48  Medivac, Siege Tank  
  146  9:51  Medivac  
  153  9:56  Marauder  
  153  10:05  Supply Depot  
  153  10:11  SCV x2  
  153  10:12  SCV  
  153  10:13  Orbital Command  
  156  10:17  Refinery  
  156  10:18  Medivac  
  156  10:19  Refinery  
  156  10:21  Medivac  
  160  10:23  SCV  
  160  10:24  SCV x2  
  160  10:27  Supply Depot  
  163  10:30  Command Center  
  163  10:35  SCV  
  163  10:38  Siege Tank  
  167  10:43  Factory  
  167  10:44  Marauder x2  
  167  10:45  Marine x2  
  167  10:48  Medivac  
  175  10:50  Barracks, Terran Vehicle And Ship Armor Level 1  
  175  10:51  Barracks, Supply Depot  
  175  10:52  Command Center  
  175  10:53  Medivac  
  177  10:58  Marine x2  
  177  10:59  Barracks  
  177  11:03  Marine  
  177  11:05  Marauder x2  
  177  11:10  Siege Tank  
  176  11:18  Medivac  
  159  11:26  Marauder x2  
  159  11:28  Marine x4  
  167  11:43  Barracks  
  167  11:45  Marine  
  168  11:48  Marauder x2  
  166  12:09  Marauder x2  
  143  12:30  Marauder, Medivac x2  
  143  12:33  Orbital Command  
  143  12:35  Orbital Command  
  149  12:40  Missile Turret  
  149  12:43  Barracks Reactor, Barracks Tech Lab x2  
  149  12:45  Marauder, Marine x4  
  149  12:47  Terran Infantry Armor Level 2  
  149  12:48  Terran Vehicle Weapons Level 2  
  155  12:52  Marauder  
  155  12:53  Armory  
  157  12:58  Missile Turret  
  157  13:00  Medivac x2  
  161  13:06  Marauder, Sensor Tower  
  161  13:10  Sensor Tower  
  163  13:13  Marauder  
  163  13:18  Missile Turret  
  165  13:23  Terran Infantry Weapons Level 2, Supply Depot  
  165  13:26  Missile Turret  
  165  13:27  Marauder  
  165  13:29  Missile Turret  
  165  13:32  Missile Turret  
  167  13:35  Marauder  
  167  13:38  Missile Turret  
  167  13:40  Missile Turret  
  169  13:42  Thor, Missile Turret  
  169  13:44  Missile Turret  
  169  13:46  Supply Depot  
  169  13:48  Missile Turret  
  175  13:53  Missile Turret x2  
  175  13:54  Command Center  
  175  13:58  Factory Tech Lab, Missile Turret  
  175  14:01  Smart Servos  
  175  14:09  Supply Depot  
  175  14:11  Missile Turret  
  175  14:13  Missile Turret  
  175  14:15  Missile Turret  
  175  14:16  Missile Turret  
  175  14:20  Missile Turret  
  175  14:21  Missile Turret  
  175  14:25  Thor  
  181  14:32  Supply Depot  
  181  14:35  Missile Turret  
  181  14:36  Missile Turret  
  181  14:38  Thor  
  181  14:40  Missile Turret  
  181  14:44  Marauder x2, Marine  
  192  14:46  Medivac x2  
  196  14:56  Refinery, Supply Depot  
  196  14:59  Missile Turret x2  
  196  15:16  Medivac  
  196  15:19  Drilling Claws, Terran Infantry Armor Level 3  
  196  15:20  Terran Vehicle And Ship Armor Level 2  
  196  15:21  Terran Vehicle Weapons Level 3, Supply Depot  
  198  15:23  Barracks Tech Lab  
  198  15:40  Refinery  
  198  15:42  Refinery  
  198  16:07  Missile Turret  
  198  16:27  Missile Turret  
  198  16:46  Missile Turret  
  176  17:04  Marauder x4, Marine, Thor  
  176  17:05  Marauder, Thor  
  166  17:08  Missile Turret  
  140  17:27  Missile Turret  
  132  17:47  Thor x2  
  132  17:48  Missile Turret  
  135  17:52  Marauder x3  
  135  17:53  Marauder x2  
  135  17:54  Marine x3  
  135  17:55  Marine x2  
  147  18:00  Terran Vehicle And Ship Armor Level 3  
  147  18:02  Terran Ship Weapons Level 1  
  147  18:09  Missile Turret  
  147  18:14  Marauder x5  
  157  18:30  Thor x2  
  157  18:31  Missile Turret  
  169  18:35  Marauder x5  
  179  18:41  Command Center  
  179  18:44  Missile Turret x3  
  179  18:45  Refinery, Missile Turret x2  
  179  18:46  Missile Turret  
  179  18:48  Missile Turret  
  179  18:51  Missile Turret  
  179  18:57  Marauder x4  
  179  19:00  Ghost Academy  
  179  19:02  Terran Infantry Weapons Level 3  
  187  19:04  Missile Turret  
  187  19:05  Neosteel Armor  
  187  19:07  Missile Turret x2  
  187  19:11  Missile Turret  
  187  19:12  Marauder  
  187  19:14  Marine x2  
  187  19:15  Marine x3  
  194  19:18  Marauder x3  
  200  19:45  Factory  
  200  19:46  Factory  
  200  19:53  Factory  
  200  20:45  Hi-Sec Auto Tracking  
  181  20:53  Marauder  
  181  20:54  Marauder x4, Marine  
  181  20:55  Marine, Thor x2  
  181  20:57  Factory Tech Lab x3  
  124  21:15  Marauder x4  
  124  21:16  Marauder  
  128  21:20  Orbital Command  
  128  21:22  Refinery  
  128  21:25  Refinery  
  128  21:36  Marauder x3  
  128  21:38  Command Center  
Show
View Real Time Build Order
Export as new Build Order

qqq Protoss - Winner!

Build Orders: Phoenix Opening, Carriers, Mass Phoenix 

Get SALT Encoding   

  12  0:01  Probe  
  13  0:13  Probe  
  14  0:25  Probe, Pylon  
  15  0:43  Probe  
  16  0:57  Gateway  
  16  1:32  Probe  
  17  1:44  Probe, Assimilator  
  18  1:48  Assimilator  
  18  1:49  Nexus  
  18  1:53  Cybernetics Core  
  18  1:55  Pylon  
  18  1:56  Probe (Chrono Boost)  
  20  2:08  Probe (Chrono Boost)  
  19  2:17  Probe (Chrono Boost)  
  20  2:23  Probe  
  21  2:35  Probe  
  22  2:39  Forge  
  22  2:43  Stargate  
  22  2:47  Probe  
  23  2:55  Pylon  
  23  2:59  Probe (Chrono Boost)  
  23  3:04  Stalker  
  26  3:11  Probe (Chrono Boost)  
  27  3:18  Probe (Chrono Boost)  
  27  3:19  Probe (Chrono Boost)  
  29  3:25  Probe  
  29  3:26  Stargate  
  30  3:34  Phoenix  
  30  3:37  Probe  
  30  3:39  Probe  
  34  3:49  Probe  
  34  3:51  Probe  
  36  4:01  Probe, Phoenix (Chrono Boost)  
  41  4:18  Phoenix  
  41  4:21  Probe (Chrono Boost)  
  43  4:24  Assimilator  
  43  4:26  Probe (Chrono Boost)  
  43  4:28  Assimilator  
  43  4:30  Probe (Chrono Boost)  
  44  4:31  Phoenix  
  44  4:34  Probe (Chrono Boost)  
  44  4:35  Probe (Chrono Boost)  
  48  4:44  Pylon  
  48  4:45  Probe  
  49  4:46  Pylon  
  49  4:47  Probe  
  49  4:51  Phoenix  
  52  4:57  Probe  
  52  4:59  Nexus  
  53  5:25  Phoenix x2  
  53  5:26  Probe  
  53  5:27  Probe  
  59  5:38  Probe, Fleet Beacon  
  59  5:39  Probe  
  61  5:50  Phoenix x2  
  61  5:51  Probe  
  61  5:54  Photon Cannon, Shield Battery  
  66  6:00  Photon Cannon  
  66  6:06  Pylon  
  66  6:15  Phoenix x2  
  70  6:33  Protoss Air Weapons Level 1  
  70  6:37  Probe  
  71  6:49  Probe  
  72  7:01  Probe  
  73  7:13  Probe  
  74  7:25  Tempest, Probe  
  74  7:26  Carrier  
  86  7:32  Assimilator  
  86  7:36  Assimilator  
  86  7:37  Probe  
  87  7:46  Anion Pulse-Crystals  
  87  7:48  Nexus  
  87  7:49  Probe (Chrono Boost), Pylon  
  87  7:50  Pylon  
  88  7:53  Pylon  
  88  7:56  Pylon  
  88  8:00  Pylon  
  88  8:01  Probe (Chrono Boost)  
  88  8:04  Pylon  
  89  8:07  Probe (Chrono Boost), Pylon  
  89  8:08  Carrier  
  96  8:16  Probe  
  97  8:22  Stargate  
  97  8:24  Pylon, Void Ray  
  97  8:28  Probe  
  97  8:32  Photon Cannon  
  102  8:38  Photon Cannon  
  102  8:40  Probe, Photon Cannon  
  103  8:43  Photon Cannon  
  103  8:48  Photon Cannon  
  103  8:50  Photon Cannon  
  103  8:52  Probe  
  103  8:53  Shield Battery  
  104  9:01  Void Ray  
  104  9:04  Probe  
  104  9:06  Void Ray  
  109  9:14  Photon Cannon  
  113  9:17  Void Ray, Protoss Air Armor Level 1 (Chrono Boost)  
  113  9:19  Probe  
  118  9:31  Probe  
  118  9:38  Photon Cannon, Void Ray  
  119  9:41  Photon Cannon  
  119  9:43  Probe, Void Ray  
  124  9:52  Nexus  
  128  9:55  Probe, Void Ray  
  128  9:57  Photon Cannon  
  129  10:01  Photon Cannon  
  129  10:04  Flux Vanes  
  133  10:07  Probe  
  134  10:17  Mothership  
  134  10:20  Probe  
  141  10:22  Photon Cannon  
  141  10:24  Photon Cannon  
  141  10:25  Shield Battery  
  141  10:28  Pylon  
  141  10:31  Pylon  
  141  10:32  Pylon  
  141  10:36  Photon Cannon  
  141  10:40  Twilight Council  
  141  10:43  Pylon x2  
  141  10:45  Gateway, Pylon  
  141  10:46  Tempest, Pylon  
  105  11:19  Protoss Air Weapons Level 2 (Chrono Boost)  
  89  11:38  Zealot  
  89  11:39  Charge, Void Ray x3  
  91  11:41  Zealot  
  105  11:49  Probe  
  106  11:59  Photon Cannon  
  106  12:02  Probe  
  106  12:05  Zealot  
  106  12:06  Gateway  
  106  12:07  Gateway  
  109  12:08  Zealot  
  109  12:10  Photon Cannon  
  109  12:13  Photon Cannon  
  109  12:14  Probe  
  106  12:15  Pylon  
  106  12:16  Void Ray x3  
  114  12:26  Probe  
  115  12:32  Zealot  
  115  12:35  Zealot  
  119  12:38  Probe  
  120  12:50  Probe  
  121  12:51  Assimilator  
  121  12:52  Void Ray (Chrono Boost)  
  121  12:55  Nexus, Assimilator  
  121  12:59  Zealot  
  121  13:02  Probe, Zealot x3  
  144  13:06  Tempest x2 (Chrono Boost)  
  144  13:14  Probe  
  144  13:19  Stargate  
  145  13:20  Pylon  
  145  13:24  Void Ray (Chrono Boost)  
  145  13:26  Probe  
  145  13:27  Zealot  
  148  13:29  Zealot  
  154  13:36  Void Ray  
  154  13:42  Carrier  
  154  13:45  Protoss Air Armor Level 2  
  164  13:52  Stargate  
  164  13:57  Void Ray x2  
  164  14:00  Stalker x2  
  176  14:12  Probe  
  176  14:13  Void Ray, Pylon  
  176  14:16  Pylon  
  177  14:19  Pylon  
  182  14:24  Probe  
  182  14:25  Photon Cannon  
  182  14:34  Void Ray  
  182  14:36  Probe  
  182  14:37  Carrier  
  185  14:40  Tempest  
  194  14:46  Carrier  
  176  15:16  Zealot x2  
  176  15:18  Zealot x2  
  184  15:36  Void Ray x4  
  173  16:45  Void Ray x3  
  157  16:50  Carrier x2  
  175  17:06  Zealot x2  
  175  17:07  Zealot x2  
  183  17:19  Photon Cannon  
  183  17:23  Assimilator  
  183  17:27  Tempest, Assimilator  
  183  17:28  Tempest x2  
  183  17:29  Photon Cannon  
  198  17:31  Photon Cannon  
  198  17:54  Carrier  
  192  18:08  Zealot x2  
  192  18:09  Zealot x2  
  200  18:29  Protoss Air Armor Level 3 (Chrono Boost)  
  200  18:47  Pylon  
  195  18:49  Pylon  
  195  18:52  Pylon  
  195  18:54  Pylon  
  185  19:03  Pylon  
  185  19:04  Pylon  
  185  19:07  Pylon  
  185  19:09  Pylon  
  185  19:11  Pylon  
  185  19:13  Tempest, Carrier  
  185  19:14  Pylon  
  196  19:17  Pylon  
  196  19:21  Pylon  
  183  20:07  Mothership  
  191  20:51  Photon Cannon  
  191  20:52  Photon Cannon  
  191  20:55  Photon Cannon  
  191  20:57  Photon Cannon  
  191  21:00  Photon Cannon  
  191  21:02  Photon Cannon, Zealot x4  
  199  21:05  Nexus  
  199  21:07  Pylon  
  199  21:09  Pylon  
  199  21:12  Pylon  
  199  21:16  Photon Cannon  
Show
View Real Time Build Order
Export as new Build Order

Паличь Terran 

Build Orders: 2 Factory, Mech 

Get SALT Encoding   

  12  0:01  SCV  
  13  0:13  Refinery  
  13  0:15  SCV  
  14  0:27  Supply Depot  
  14  0:30  SCV  
  15  0:48  SCV  
  16  0:53  Barracks  
  16  1:01  SCV  
  17  1:13  SCV  
  18  1:25  SCV  
  19  1:37  SCV  
  20  1:41  Marine  
  20  1:45  Factory  
  21  1:51  Orbital Command  
  21  2:08  Marine  
  22  2:19  Command Center  
  22  2:23  SCV  
  23  2:31  Refinery  
  23  2:34  Factory Tech Lab  
  23  2:44  Factory Tech Lab  
  23  2:46  Supply Depot  
  23  3:04  Factory  
  23  3:07  Marine  
  23  3:08  Hellion  
  23  3:12  Supply Depot  
  26  3:26  Supply Depot  
  26  3:35  Supply Depot  
  26  3:44  Cyclone  
  26  3:48  Factory Tech Lab  
  29  4:11  SCV x2  
  29  4:16  Cyclone  
  32  4:17  Refinery  
  32  4:23  SCV x2  
  34  4:25  Siege Tank  
  37  4:35  SCV x2  
  37  4:37  Supply Depot  
  39  4:47  SCV  
  39  4:48  Cyclone  
  39  4:51  Orbital Command  
  43  4:58  Armory  
  43  4:59  SCV  
  44  5:00  Supply Depot  
  44  5:08  Refinery  
  44  5:11  SCV  
  44  5:20  Supply Depot  
  44  5:24  SCV x2  
  44  5:25  Engineering Bay  
  46  5:36  SCV x2  
  46  5:40  Cyclone  
  46  5:41  Cyclone  
  54  5:48  SCV  
  55  5:57  Missile Turret  
  55  5:59  Missile Turret  
  55  6:03  Missile Turret  
  55  6:05  SCV x2  
  55  6:07  Missile Turret  
  57  6:17  SCV  
  57  6:18  SCV  
  59  6:20  Missile Turret  
  59  6:25  Missile Turret  
  59  6:28  Thor  
  59  6:30  SCV x2  
  67  6:39  Armory, Terran Vehicle Weapons Level 1  
  67  6:42  SCV  
  68  7:06  Thor  
  68  7:11  Thor  
  64  7:36  Factory  
  64  7:39  Factory  
  64  7:43  SCV  
  64  7:44  SCV  
  66  7:49  Thor  
  72  7:54  Thor  
  72  7:56  SCV x2  
  80  8:08  SCV  
  81  8:20  Terran Vehicle And Ship Armor Level 1  
  81  8:28  Factory Tech Lab x2  
  81  8:32  Siege Tank  
  84  8:37  Siege Tank  
  87  8:43  Command Center  
  87  8:53  Refinery  
  90  8:55  Siege Tank  
  90  8:59  Hellbat  
  92  9:10  Supply Depot  
  92  9:11  Supply Depot  
  92  9:20  Hellbat  
  92  9:21  Supply Depot  
  94  9:24  Supply Depot  
  94  9:26  Supply Depot  
  94  9:29  Supply Depot  
  94  9:32  Hellbat, Thor, Siege Tank  
  105  9:42  Hellbat  
  107  9:53  Refinery, Hellbat  
  107  9:55  Terran Vehicle Weapons Level 2  
  109  10:03  Hellbat  
  109  10:04  Hellbat  
  113  10:08  SCV x3  
  116  10:14  Siege Tank  
  116  10:16  Hellbat  
  116  10:20  SCV x2  
  123  10:24  Thor  
  123  10:25  Hellbat  
  131  10:37  Hellbat  
  133  10:46  Siege Tank  
  133  10:47  Hellbat  
  138  10:58  Siege Tank  
  135  11:07  Siege Tank  
  135  11:08  Thor  
  79  11:18  Thor  
  80  11:30  Thor  
  86  11:39  Thor  
  92  11:50  Thor  
  89  12:01  Siege Tank  
  92  12:13  Siege Tank  
  95  12:22  Siege Tank  
  98  12:33  Siege Tank x2  
  104  12:45  Siege Tank  
  107  12:52  Command Center  
  107  12:54  Thor  
  107  12:57  Starport  
  113  12:59  Terran Vehicle Weapons Level 3  
  113  13:12  Thor  
  113  13:14  Hellbat  
  113  13:18  Hellbat  
  123  13:35  Hellbat  
  123  13:37  Hellbat  
  123  13:38  Refinery  
  123  13:39  Hellbat  
  129  13:43  Refinery  
  129  13:48  Starport Tech Lab  
  129  13:54  SCV x2  
  131  13:56  Hellbat  
  131  13:57  Hellbat  
  131  13:59  Hellbat  
  131  14:00  Hellbat  
  139  14:03  Terran Vehicle And Ship Armor Level 2  
  139  14:06  SCV x2  
  139  14:09  Medivac  
  143  14:17  Hellbat  
  143  14:18  SCV x2, Hellbat  
  143  14:20  Hellbat  
  143  14:22  Hellbat  
  153  14:30  SCV  
  153  14:31  SCV  
  155  14:39  Hellbat  
  157  14:51  Supply Depot x2  
  157  14:56  Thor  
  157  14:57  Thor, Hellbat  
  157  14:59  Command Center  
  171  15:06  Thor  
  171  15:15  Supply Depot  
  171  15:16  Supply Depot  
  171  15:18  Thor  
  171  15:20  Medivac  
  179  15:39  Factory, Thor x2, Supply Depot  
  179  15:40  Supply Depot  
  191  15:48  Factory  
  191  15:49  Hellbat  
  193  16:01  Thor  
  199  16:26  Refinery x2  
  199  16:36  Factory Tech Lab  
  199  16:37  Factory Tech Lab  
  199  16:43  Planetary Fortress  
  124  17:28  Thor x4  
  124  17:29  Thor x2  
  136  18:11  Thor x2  
  148  18:16  Thor  
  148  18:18  Hellbat  
  148  18:19  Hellbat x2  
  160  18:40  Hellbat x3  
  166  18:54  Hellbat x2  
  164  19:00  Hellbat  
  164  19:01  Hellbat  
  164  19:02  Hellbat x2  
  172  19:14  Command Center  
  172  19:15  Hellbat  
  172  19:16  Hellbat  
  176  19:21  Hellbat  
  172  19:59  Thor  
  172  20:07  Thor  
  115  21:03  Factory Tech Lab  
  115  21:04  Thor  
Show
View Real Time Build Order
Export as new Build Order

ОтецСКхХх Zerg 

Build Orders: Hatch First 

Get SALT Encoding   

  12  0:02  Drone  
  13  0:08  Drone  
  14  0:18  Overlord  
  14  0:44  Drone x2  
  14  0:47  Drone  
  17  0:54  Hatchery  
  16  1:00  Drone  
  17  1:06  Drone  
  18  1:17  Spawning Pool  
  17  1:21  Extractor  
  17  1:22  Drone  
  17  1:32  Drone  
  18  1:41  Overlord  
  18  1:57  Drone  
  19  2:06  Roach Warren  
  19  2:07  Drone x2  
  20  2:11  Queen x2  
  20  2:14  Drone  
  25  2:18  Drone  
  25  2:21  Drone  
  27  2:29  Metabolic Boost  
  27  2:31  Drone  
  27  2:34  Drone  
  29  3:01  Drone x5  
  34  3:07  Extractor  
  33  3:25  Queen  
  35  3:28  Queen  
  35  3:29  Extractor  
  35  3:31  Extractor  
  35  3:32  Drone  
  36  3:34  Overlord  
  36  3:36  Overlord  
  36  3:38  Overlord  
  36  3:39  Overlord  
  36  4:02  Drone x3  
  39  4:03  Drone x3  
  39  4:05  Roach x2  
  39  4:06  Roach  
  48  4:23  Spore Crawler  
  47  4:27  Spore Crawler  
  47  4:28  Drone  
  47  4:29  Drone x5  
  52  4:33  Lair  
  52  4:38  Drone  
  53  4:50  Drone x2  
  55  5:02  Drone x4  
  55  5:03  Drone  
  55  5:05  Overlord x3  
  60  5:27  Drone x3  
  63  5:47  Spore Crawler  
  62  5:51  Spore Crawler  
  61  5:57  Spire  
  60  6:07  Hatchery  
  60  6:08  Drone x8  
  60  6:09  Extractor x2, Drone x4  
  69  6:12  Drone x2  
  71  6:28  Overlord x2  
  71  6:29  Overlord x5  
  71  6:39  Spire  
  68  6:56  Pneumatized Carapace  
  63  7:18  Corruptor  
  63  7:19  Corruptor x11  
  81  7:32  Drone x4  
  81  7:35  Drone x2  
  87  7:45  Zerg Flyer Weapons Level 1  
  87  7:55  Drone  
  87  7:56  Drone x9  
  95  8:44  Corruptor x5  
  105  8:53  Overlord  
  105  8:54  Overlord x5  
  105  9:12  Overlord x2  
  105  9:25  Corruptor  
  105  9:26  Corruptor x3  
  113  10:03  Zerg Flyer Weapons Level 2  
  113  10:04  Zerg Flyer Armor Level 1  
  113  10:06  Overlord x5  
  111  10:26  Extractor  
  111  10:27  Overlord, Corruptor  
  111  10:28  Corruptor x15  
  112  10:30  Hatchery  
  112  10:31  Extractor  
  140  10:40  Overseer  
  116  11:28  Corruptor  
  116  11:29  Corruptor x10  
  123  12:50  Infestation Pit  
  122  12:58  Hatchery  
  119  13:46  Corruptor x2  
  119  13:47  Corruptor x5  
  119  13:48  Corruptor  
  135  14:08  Hive  
  129  14:46  Drone x3  
  129  14:47  Drone x2  
  129  14:48  Drone  
  129  14:49  Drone x7  
  129  14:50  Drone x2  
  144  14:59  Corruptor x4  
  146  15:00  Corruptor x8  
  146  15:06  Queen  
  170  15:21  Overseer x2  
  170  15:24  Zerg Flyer Weapons Level 3  
  170  15:27  Greater Spire  
  170  15:28  Adrenal Glands  
  169  15:29  Hatchery  
  156  15:55  Drone x3  
  156  15:57  Drone x6  
  119  16:39  Corruptor  
  99  16:40  Corruptor x17  
  102  17:04  Corruptor x2  
  102  17:05  Corruptor x5  
  103  17:25  Brood Lord x2  
  71  18:11  Brood Lord  
  73  18:13  Brood Lord  
  73  18:14  Corruptor x2  
  79  18:30  Hatchery  
  78  19:16  Corruptor x2  
  78  19:17  Corruptor x5  
Tags
 
Add a new tag
Caveats
  • Supply blocks, unpowered buildings, or Contaminate may cause inaccurate times.
  • Supply counts are checked every 10 seconds.